 Dungeon Crawl Stone Soup version 0.20.0-3-g22ec75f (webtiles) character file.

273 DasRunzen the Skirmisher (level 6, 0/62 HPs)
             Began as an Ogre Gladiator on May 26, 2017.
             Slain by an iguana (5 damage)
             ... on level 4 of the Dungeon.
             The game lasted 00:12:25 (3900 turns).

DasRunzen the Skirmisher (Ogre Gladiator)           Turns: 3900, Time: 00:12:25

Health: 0/62       AC:  4    Str: 19    XL:     6   Next: 24%
Magic:  9/9        EV: 11    Int: 11    God:
Gold:   232        SH:  0    Dex: 10    Spells: 9/9 levels left

rFire    . . .     SeeInvis .   a - +1 flail
rCold    . . .     Gourm    .   (no shield)
rNeg     + . .     Faith    .   b - +0 robe
rPois    .         Spirit   .   c - +1 hat
rElec    .         Reflect  .   (no cloak)
rCorr    .         Harm     .   (gloves unavailable)
MR       .....                  (boots unavailable)
Stlth    +.........             (no amulet)
Regen    0.2/turn               e - ring of positive energy
MPRegen  0.2/turn               (no ring)

@: no status effects
A: unfitting armour, tough skin 1
a: no special abilities


You were on level 4 of the Dungeon.
You were hungry.

You visited 2 branches of the dungeon, and saw 6 of its levels.

You collected 232 gold pieces.

Inventory:

Hand Weapons
 a - a +1 flail (weapon)
Missiles
 d - a throwing net (quivered)
Armour
 b - a +0 robe (worn)
 c - a +1 hat (worn)
Jewellery
 e - a ring of positive energy (left hand)
Scrolls
 i - a scroll of enchant weapon
 o - a scroll of teleportation {unknown}
Potions
 g - a potion of heal wounds
 j - 2 potions of might
 m - a potion of mutation {unknown}
 n - 3 potions of curing {unknown}
Comestibles
 f - 3 bread rations
 h - a meat ration
 k - 7 fruits
 l - a royal jelly


   Skills:
 + Level 4.1 Fighting
 * Level 3.6 Maces & Flails
 + Level 3.4 Throwing
 + Level 3.8 Dodging
 - Level 2.4 Spellcasting


You had 9 spell levels left.
You didn't know any spells.

Dungeon Overview and Level Annotations

Branches:
Dungeon (5/15)             Temple (1/1) D:4

Altars:
Ashenzari
Cheibriados
Dithmenos
Elyvilon
Fedhas
Gozag
Hepliaklqana
Makhleb
Nemelex Xobeh
Okawaru
Qazlal
Ru
Trog
Uskayaw
Xom
Yredelemnul
Zin


Innate Abilities, Weirdness & Mutations

You are too large for most types of armour.
You have tough skin. (AC +1)


Message History

The iguana struggles against the net.
You hit the iguana.
The iguana is moderately wounded.
The iguana struggles against the net. x2
You hit the iguana but do no damage.
The iguana is moderately wounded.
The iguana struggles against the net.
The net rips apart, and the iguana comes free!
You hit the iguana.
The iguana is severely wounded.
The iguana bites you.
* * * LOW HITPOINT WARNING * * *
You hit the iguana.
The iguana is almost dead.
The iguana bites you!
* * * LOW HITPOINT WARNING * * *
You barely miss the iguana.
The iguana is almost dead.
The iguana bites you.
You die...

#.....#
#...<...######.......
#.....# #.......#
#####..# ####.##
######+## ##.#
####+##### ##..
######........# #...
#.............#######.#.
#.............#.......##
#.............#.#.######
#.....@...............'
+....l.......#.########
#............#.#.......
#............#.#..#####
#.(..........#.#.## ##
#####........#(#.# #.
#[########.#.### #. #.
..#...# #. # #...# #.


You could see an iguana.

Vanquished Creatures
  A centaur skeleton (D:4)
  A hound (D:4)
  An iguana (D:4)
  3 worker ants (D:4)
  3 adders
  2 oozes
  2 worms (D:3)
  4 dart slugs
  5 orcs
  2 ball pythons (D:3)
  4 bats
  3 giant cockroaches
  10 goblins
  7 hobgoblins
  5 kobolds
  A quokka (D:3)
  5 frilled lizards
  2 gnoll zombies (D:2)
  A leopard gecko skeleton (D:4)
  2 leopard gecko zombies
  5 rats
69 creatures vanquished.

Notes
Turn   | Place    | Note
-------+----------+-------------------------------------------
     0 | D:1      | DasRunzen the Ogre Gladiator began the quest for the Orb.
     0 | D:1      | Reached XP level 1. HP: 22/22 MP: 1/1
   199 | D:1      | Reached XP level 2. HP: 29/29 MP: 2/2
   333 | D:1      | Reached skill level 3 in Fighting
  1102 | D:2      | Reached XP level 3. HP: 29/37 MP: 2/4
  1263 | D:2      | Reached skill level 1 in Spellcasting
  1665 | D:2      | Found a basalt altar of Yredelemnul.
  1745 | D:2      | Found a faded altar of an unknown god.
  1914 | D:3      | Reached XP level 4. HP: 45/45 MP: 5/5
  2073 | D:3      | Found an iron altar of Okawaru.
  2074 | D:3      | Found a hide-covered altar of Uskayaw.
  2077 | D:3      | Noticed a hand axe
  2077 | D:3      | Noticed a dagger
  2108 | D:3      | Found a shadowy altar of Dithmenos.
  2179 | D:3      | Found an opulent altar of Gozag.
  2353 | D:3      | Found a blossoming altar of Fedhas.
  2356 | D:3      | Found a bloodstained altar of Trog.
  2359 | D:3      | Found a shattered altar of Ashenzari.
  2652 | D:5      | Entered Level 5 of the Dungeon
  2717 | D:4      | Found a staircase to the Ecumenical Temple.
  2741 | D:4      | Reached XP level 5. HP: 40/53 MP: 7/7
  2759 | Temple   | Entered the Ecumenical Temple
  3696 | D:4      | Reached skill level 4 in Fighting
  3738 | D:4      | Reached XP level 6. HP: 24/62 MP: 9/9
  3753 | D:4      | Found a sparkling altar of Nemelex Xobeh.
  3900 | D:4      | Slain by an iguana

Skill      XL: |  1  2  3  4  5 |
---------------+----------------+-----
Fighting       | 3 4 |  4.1
Dodging        | 3 |  3.8
Spellcasting   | 1 2 |  2.4
Maces & Flails | 3 |  3.6
Throwing       | 3 |  3.4

Action                   |  1- 3 |  4- 6 || total
-------------------------+-------+-------++-------
Melee: Flail             |   144 |   101 ||   245
Throw: Throwing net      |       |     4 ||     4
  Use: Scroll            |    10 |     1 ||    11
       Potion            |       |     1 ||     1
 Stab: Sleeping          |     2 |     1 ||     3
       Held in net/web   |       |     1 ||     1
  Eat: Chunk             |     3 |     6 ||     9
Armor: Robe              |    40 |    22 ||    62
Dodge: Dodged            |    76 |    53 ||   129
